 Dungeon Crawl Stone Soup version 0.25.1-2-g60ff931df9 (webtiles) character file.

Game seed: 702461323637855439

424589 DerDa the Sorcerer (level 22, -1/173 HPs)
             Began as a Mummy Ice Elementalist on Aug 20, 2020.
             Was a High Priest of Sif Muna.
             Killed by the air
             ... invoked by a titan
              (33 damage)
             ... on level 5 of the Vaults.
             The game lasted 03:58:02 (58413 turns).

DerDa the Sorcerer (Mummy Ice Elementalist)        Turns: 58413, Time: 03:58:03

Health: -1/173     AC:  6    Str: 17    XL:     22   Next: 40%
Magic:  13/47      EV: 20    Int: 25    God:    Sif Muna [*****.]
Gold:   5195       SH:  9    Dex: 14    Spells: 1/64 levels left

rFire    . . .     SeeInvis +   q - +9 falchion "Hydra's Funeral" {vorpal, rElec rC+ Dex-3}
rCold    + + .     Gourm    .   B - +4 buckler of the Hidden Vale {Str+2 Dex+2}
rNeg     + + +     Faith    +   a - +0 troll leather armour
rPois    ∞         Spirit   .   H - +0 helmet of Boiling Hail {rElec Int+2}
rElec    +         Reflect  .   s - scarf {repulsion}
rCorr    +         Harm     .   t - +0 pair of gloves "Ugiptalu" {rElec rCorr Stlth-}
MR       ++...                  O - -1 pair of boots "Byceid Foda" {rF+ Str+3 Dex+2 SInv}
Stlth    +.........             K - amulet of faith
HPRegen  0.78/turn              Q - ring of wizardry
MPRegen  0.30/turn              F - ring of wizardry

@: no potions, very slightly contaminated, repel missiles
A: no food or potions, fire vulnerability, cold resistance 1, negative energy
resistance 3, torment resistance, unbreathing, in touch with death 1
}: 3/15 runes: serpentine, barnacled, silver
a: Channel Magic, Forget Spell, Divine Exegesis, Renounce Religion


You were on level 5 of the Vaults.
You worshipped Sif Muna.
Sif Muna was extremely pleased with you.
You were not hungry.

You visited 6 branches of the dungeon, and saw 36 of its levels.
You also visited: Trove and Gauntlet.

You collected 6166 gold pieces.
You spent 971 gold pieces at shops.

Inventory:

Hand Weapons
 q - the +9 falchion "Hydra's Funeral" (weapon) {vorpal, rElec rC+ Dex-3}
   (You took it off an orc warrior on level 9 of the Dungeon)

   It inflicts extra damage upon your enemies.
   It affects your dexterity (-3).
   It protects you from cold.
   It insulates you from electricity.
Missiles
 n - 85 poisoned darts (quivered)
Armour
 a - a +0 troll leather armour (worn)
 j - a +2 robe of magic resistance
 s - a scarf of repulsion (worn)
 t - the +0 pair of gloves "Ugiptalu" (worn) {rElec rCorr Stlth-}
   (You found it on level 9 of the Dungeon)

   It insulates you from electricity.
   It provides partial protection from all sources of acid and corrosion.
   It makes you less stealthy.
 x - a +0 robe of fire resistance
 z - a +2 buckler of reflection
 B - the +4 buckler of the Hidden Vale (worn) {Str+2 Dex+2}
   (You found it in a treasure trove)

   It affects your strength (+2).
   It affects your dexterity (+2).
 H - the +0 helmet of Boiling Hail (worn) {rElec Int+2}
   (You found it on level 13 of the Dungeon)

   It affects your intelligence (+2).
   It insulates you from electricity.
 O - the -1 pair of boots "Byceid Foda" (worn) {rF+ Str+3 Dex+2 SInv}
   (You found it in a Gauntlet)

   It affects your strength (+3).
   It affects your dexterity (+2).
   It protects you from fire.
   It lets you see invisible.
Magical Staves
 J - an uncursed staff of energy
Jewellery
 f - an uncursed amulet of the acrobat
 k - the ring of Sophism {Ice Slay+3}
   (You found it in a treasure trove)

   [ring of ice]

   It enhances your ice magic.
   It affects your accuracy and damage with ranged weapons and melee attacks
   (+3).
   It makes you vulnerable to fire.
   It protects you from cold.
 o - the ring of Immorality {rPois rF+}
   (You found it on level 1 of the Snake Pit)

   [ring of poison resistance]

   It protects you from fire.
   It protects you from poison.
 F - a ring of wizardry (right hand)
 I - an uncursed ring of protection from cold
 K - an amulet of faith (around neck)
 N - an uncursed ring of magical power
 Q - a ring of wizardry (left hand)
 U - an uncursed ring of fire
 X - an uncursed ring of stealth
Wands
 c - a wand of clouds (23)
 m - a wand of disintegration (17)
 v - a wand of iceblast (22)
 w - a wand of paralysis (38)
 y - a wand of acid (27)
 C - a wand of polymorph (32)
 D - a wand of flame (70)
 G - a wand of digging (10)
 L - a wand of enslavement (14)
Scrolls
 b - 9 scrolls of enchant armour
 d - 14 scrolls of amnesia
 e - 8 scrolls of magic mapping
 h - 21 scrolls of remove curse
 i - 15 scrolls of teleportation
 l - 6 scrolls of fear
 p - 8 scrolls of blinking
 r - 8 scrolls of immolation
 u - a scroll of silence
 A - 15 scrolls of identify
 E - 5 scrolls of brand weapon
 M - 2 scrolls of enchant weapon
 S - a scroll of vulnerability
 T - a scroll of torment
 V - a scroll of summoning
Miscellaneous
 g - a lightning rod (4/4)
 P - 2 boxes of beasts
 R - a phial of floods
 W - a phantom mirror


   Skills:
 * Level 14.5 Fighting
 - Level 1.0 Armour
 * Level 12.5 Dodging
 - Level 1.5 Stealth
 - Level 4.0 Shields
 * Level 21.8 Spellcasting
 + Level 11.9 Conjurations
 - Level 5.0 Summonings
 + Level 10.3 Necromancy
 * Level 16.6 Ice Magic
 - Level 6.0 Air Magic
 + Level 11.7 Invocations


You had one spell level left.
You knew the following spells:

 Your Spells              Type           Power        Failure   Level  Hunger
a - Freeze                Ice            ####         0%          1    N/A
b - Frozen Ramparts       Ice            ######       0%          3    N/A
c - Ozocubu's Armour      Chrm/Ice       ######..     1%          3    N/A
d - Hailstorm             Conj/Ice       #######.     1%          4    N/A
e - Summon Ice Beast      Ice/Summ       ######..     1%          4    N/A
f - Freezing Cloud        Conj/Ice/Air   ######....   1%          6    N/A
g - Ozocubu's Refrigerat  Ice            #######...   1%          6    N/A
h - Simulacrum            Ice/Necr       #######...   1%          6    N/A
i - Irradiate             Conj/Tmut      ######....   1%          5    N/A
j - Dispel Undead         Necr           #######.     1%          4    N/A
k - Borgnjor's Vile Clut  Necr/Erth      ######....   1%          5    N/A
l - Absolute Zero         Ice            #######...   43%         9    N/A
m - Orb of Destruction    Conj           ######....   3%          7    N/A

Your spell library contained the following spells:

 Spells                   Type           Power        Failure   Level  Hunger
 Magic Dart               Conj           ####         0%          1    N/A
 Animate Skeleton         Necr           N/A          1%          1    N/A
 Apportation              Tloc           ####..       1%          1    N/A
 Corona                   Hex            ####...      1%          1    N/A
 Foxfire                  Conj/Fire      ####         1%          1    N/A
 Infusion                 Chrm           ####         1%          1    N/A
 Pain                     Necr           ####         1%          1    N/A
 Sandblast                Erth           ####..       1%          1    N/A
 Shock                    Conj/Air       ####         1%          1    N/A
 Sting                    Tmut/Pois      ####         1%          1    N/A
 Summon Butterflies       Summ           ######..     1%          1    N/A
 Summon Small Mammal      Summ           ####         1%          1    N/A
 Searing Ray              Conj           ######       0%          2    N/A
 Call Imp                 Summ           ######..     1%          2    N/A
 Corpse Rot               Necr/Air       N/A          1%          2    N/A
 Ensorcelled Hibernation  Hex/Ice        ######       1%          2    N/A
 Passwall                 Tmut/Erth      ####....     1%          2    N/A
 Poisonous Vapours        Pois/Air       #####.       1%          2    N/A
 Shroud of Golubria       Chrm/Tloc      ####..       1%          2    N/A
 Slow                     Hex            ####....     1%          2    N/A
 Song of Slaying          Chrm           ####....     1%          2    N/A
 Sticks to Snakes         Tmut           ####....     1%          2    N/A
 Swiftness                Chrm/Air       #####...     1%          2    N/A
 Call Canine Familiar     Summ           ######..     1%          3    N/A
 Confusing Touch          Hex            ####....     1%          3    N/A
 Conjure Flame            Conj/Fire      ######..     1%          3    N/A
 Dazzling Flash           Conj/Hex       ######       1%          3    N/A
 Gell's Gravitas          Tloc           ####......   1%          3    N/A
 Ignite Poison            Fire/Tmut/Pois ####....     1%          3    N/A
 Inner Flame              Hex/Fire       ####....     1%          3    N/A
 Lesser Beckoning         Tloc           ####......   1%          3    N/A
 Mephitic Cloud           Conj/Pois/Air  ######..     1%          3    N/A
 Portal Projectile        Hex/Tloc       ####..       1%          3    N/A
 Recall                   Summ/Tloc      N/A          1%          3    N/A
 Spectral Weapon          Hex/Chrm       ####....     1%          3    N/A
 Static Discharge         Conj/Air       ######..     1%          3    N/A
 Stone Arrow              Conj/Erth      ######       1%          3    N/A
 Summon Guardian Golem    Hex/Summ       #####...     1%          3    N/A
 Teleport Other           Tloc           ####....     1%          3    N/A
 Tukima's Dance           Hex            ####....     1%          3    N/A
 Vampiric Draining        Necr           #######...   1%          3    N/A
 Airstrike                Air            ######....   1%          4    N/A
 Animate Dead             Necr           N/A          1%          4    N/A
 Fulminant Prism          Conj/Hex       ######....   1%          4    N/A
 Iskenderun's Mystic Bla  Conj/Tloc      ######..     1%          4    N/A
 Sticky Flame             Conj/Fire      ######..     1%          4    N/A
 Summon Lightning Spire   Summ/Air       ######..     1%          4    N/A
 Agony                    Necr           #######.     1%          5    N/A
 Aura of Abjuration       Summ           ######....   1%          5    N/A
 Excruciating Wounds      Chrm/Necr      ######....   1%          5    N/A
 Fireball                 Conj/Fire      ######....   1%          5    N/A
 Iskenderun's Battlesphe  Conj/Chrm      ######..     1%          5    N/A
 Lightning Bolt           Conj/Air       ######....   1%          5    N/A
 Metabolic Englaciation   Hex/Ice        ######....   1%          5    N/A
 Summon Demon             Summ           ######....   1%          5    N/A
 Conjure Ball Lightning   Conj/Air       ######....   1%          6    N/A
 Death Channel            Necr           #######...   1%          6    N/A
 Bolt of Magma            Conj/Fire/Erth #####.....   2%          5    N/A
 Cause Fear               Hex            ####......   4%          4    N/A
 Leda's Liquefaction      Hex/Erth       ####......   4%          4    N/A
 Passage of Golubria      Tloc           N/A          4%          4    N/A
 Petrify                  Tmut/Erth      ####....     4%          4    N/A
 Silence                  Hex/Air        #####.....   4%          5    N/A
 Summon Forest            Summ/Tloc      #####.....   4%          5    N/A
 Summon Mana Viper        Hex/Summ       #####...     4%          5    N/A
 Iron Shot                Conj/Erth      ######....   6%          6    N/A
 Starburst                Conj/Fire      ######....   6%          6    N/A
 Shadow Creatures         Summ           N/A          10%         6    N/A
 Spellforged Servitor     Conj/Summ      ######....   12%         7    N/A
 Alistair's Intoxication  Tmut/Pois      ####....     13%         5    N/A
 Lee's Rapid Deconstruct  Erth           ####......   13%         5    N/A
 Yara's Violent Unravell  Hex/Tmut       ####......   13%         5    N/A
 Haunt                    Necr/Summ      #######...   17%         7    N/A
 Infestation              Necr           #######...   38%         8    N/A
 Monstrous Menagerie      Summ           ######....   41%         7    N/A
 Summon Greater Demon     Summ           ######....   41%         7    N/A
 Summon Hydra             Summ           ######....   41%         7    N/A
 Darkness                 Hex            ####......   54%         6    N/A
 Dispersal                Tloc           ####......   54%         6    N/A
 Eringya's Noxious Bog    Tmut/Pois      ####......   54%         6    N/A
 Invisibility             Hex            ####....     54%         6    N/A
 Chain Lightning          Conj/Air       ######....   54%         8    N/A
 Lehudib's Crystal Spear  Conj/Erth      ######....   90%         8    N/A
 Ring of Flames           Chrm/Fire      ####......   96%         7    N/A
 Summon Horrible Things   Summ           ######....   96%         8    N/A
 Controlled Blink         Tloc           N/A          100%        8    N/A
 Discord                  Hex            ####......   100%        8    N/A
 Disjunction              Tloc           ####......   100%        8    N/A
 Dragon's Call            Summ           ######....   100%        9    N/A
 Fire Storm               Conj/Fire      ######....   100%        9    N/A
 Tornado                  Air            ######....   100%        9    N/A
 Beastly Appendage        Tmut           Unusable     N/A         1    N/A
 Sublimation of Blood     Necr           Unusable     N/A         2    N/A
 Spider Form              Tmut/Pois      Unusable     N/A         3    N/A
 Ice Form                 Ice/Tmut       Unusable     N/A         4    N/A
 Blade Hands              Tmut           Unusable     N/A         5    N/A
 Hydra Form               Tmut           Unusable     N/A         6    N/A
 Statue Form              Tmut/Erth      Unusable     N/A         6    N/A
 Dragon Form              Tmut           Unusable     N/A         7    N/A

Dungeon Overview and Level Annotations

Branches:
Dungeon (15/15)            Temple (0/1) D:7            Lair (6/6) D:11
 Shoals (4/4) Lair:4        Snake (4/4) Lair:4        Slime (0/5) Lair:5
    Orc (2/2) D:9             Elf (0/3) Orc:2        Vaults (5/5) D:14
  Crypt (0/3) Vaults:2     Depths (0/5) D:15        Gauntlet (visited)

Altars:
Ashenzari
Gozag
Hepliaklqana
Makhleb
Nemelex Xobeh
Ru
Sif Muna
Trog
Wu Jian
Xom
Yredelemnul
Zin
Beogh
Jiyva

Shops:
D:5 [**=(   D:9 [*   Orc:1 ?   Orc:2 *}*[   Snake:3 ?   Snake:4 [


Innate Abilities, Weirdness & Mutations

You do not eat or drink.
Your flesh is vulnerable to fire.
You are immune to poison.
Your flesh is cold resistant. (rC+)
You are immune to negative energy. (rN+++)
You are immune to unholy pain and torment.
You can survive without breathing.
You are in touch with the powers of death.


Message History

r - Retreat! s - Stop attacking. g - Guard the area. f - Follow me.
Anything else - Cancel.
Okay, then.
Unknown command.
Casting: Simulacrum (mildly dangerous; 1% risk of failure)
Confirm with . or Enter, or press ? or * to list all spells.
Aiming: Borgnjor's Vile Clutch (mildly dangerous; 1% risk of failure)
Press: ? - help, Shift-Dir - straight line, f/p - titan
Aim: a titan You feel a surge of power!
Zombie hands grab the titan.
You feel less invigorated.
The zombie hands constrict the titan.
The titan waves its arms in wide circles.
The air twists around and strikes you!!
* * * LOW HITPOINT WARNING * * *
The zombie hands constrict the titan!
The titan waves its arms in wide circles.
The air twists around and strikes you!!
You die...

.#.#.#.#..###.)#....#...# #
..........)....#....#...#..#
..........[.....[.[%.......#
##############.[.[[.[%#######
.)......C.<<[[........
......[[Z<[.<[[.......
......).ZZZ<[.[.......
........÷.)Z[.........
#######(Z@[[...####### ##
###########((..(.......
.###....)...)+##....#......
..'....)##+))[[#%...#......
..#....#.}#[...#....#..####
..#....#(.#.[[(#....#..#
..'....'##'..(.#....# .+
.###........[(##....# '#
#'##'##'##'##....# #####..(.


You could see a titan (clutched) and 6 friendly titan simulacra.

Vanquished Creatures
  An ancient lich (Vaults:5)
  Sojobo (Vaults:5)
  Bai Suzhen (Vaults:5)
  A golden dragon (Vaults:5)
  A bone dragon (Vaults:2)
  Jorgrun (Snake:3)
  A tentacled monstrosity (Vaults:5)
  4 titans (Vaults:5)
  3 liches
  Frances (Shoals:1)
  4 sphinxes
  Kirke (Snake:1)
  2 krakens
  8 tengu reavers
  Ilsuiw (Shoals:4)
  2 shadow dragons (Vaults:5)
  7 nagarajas
  3 deep elf sorcerers
  A fire giant (Vaults:4)
  17 vault wardens
  A deep elf elementalist (Vaults:5)
  2 orc warlords
  Aizul (Snake:1)
  6 very ugly things
  19 ironheart preservers
  A war gargoyle (Vaults:5)
  7 entropy weavers
  10 stone giants
  2 deep elf annihilators
  3 deep elf demonologists
  Nessos (D:13)
  The ghost of Yfylet the Blocker, a journeyman OpCj of Gozag (Lair:6)
  A minotaur (Gauntlet)
  5 ettins
  2 deep elf death magi (Vaults:5)
  A crystal guardian (Vaults:5)
  5 merfolk javelineers (Shoals:4)
  13 ogre magi
  8 merfolk impalers
  4 fire dragons
  Josephine (Lair:5)
  A small abomination (Vaults:5)
  3 deep elf high priests (Vaults:5)
  3 great orbs of eyes (Vaults:3)
  15 yaktaur captains
  The ghost of Liimbo the Fighter, a journeyman FoWn of Cheibriados (D:13)
  11 naga warriors
  4 merfolk avatars
  29 vault guards
  4 ice dragons
  A rakshasa (Vaults:1)
  9 centaur warriors
  7 hydras
  5 catoblepae
  An anaconda (shapeshifter) (D:15)
  A death knight (D:14)
  6 merfolk aquamancers
  10 anacondas
  37 two-headed ogres
  A queen ant (D:13)
  3 satyrs
  7 death yaks
  3 deep troll earth magi
  4 deep troll shamans
  3 deep elf knights
  9 naga sharpshooters
  6 shock serpents
  2 shadow wraiths
  5 skeletal warriors
  3 salamander mystics
  3 glowing orange brains
  8 sea snakes
  A storm dragon skeleton (Vaults:4)
  An unseen horror (shapeshifter) (Vaults:1)
  4 unseen horrors
  15 deep trolls
  5 naga ritualists
  2 wizards
  8 deep elf archers
  15 orc knights
  2 phantasmal warriors
  A harpy (shapeshifter) (Vaults:3)
  19 harpies
  A necromancer (Vaults:4)
  21 ironbrand convokers
  16 deep elf magi
  3 mana vipers
  5 wolf spiders
  11 fauns
  24 ugly things
  10 orc sorcerers
  11 salamanders
  11 manticores
  19 slime creatures
  10 cyclopes
  A cyclops (shapeshifter) (Vaults:3)
  A moth of wrath (D:9)
  10 vault sentinels
  4 guardian serpents
  32 black mambas
  10 merfolk sirens
  A smoke demon (Gauntlet)
  9 spiny frogs
  18 naga magi
  13 water nymphs
  5 centaur skeletons
  2 rime drakes
  A minotaur zombie (Gauntlet)
  A redback zombie (D:11)
  8 komodo dragons
  46 yaktaurs
  An efreet (D:15)
  9 freezing wraiths
  A rime drake (shapeshifter) (Vaults:5)
  2 tengu conjurers
  18 trolls
  7 wind drakes
  A meliai (Lair:6)
  A jumping spider (Gauntlet)
  22 merfolk
  A queen bee (Lair:6)
  An ettin zombie (Vaults:4)
  A human simulacrum (Vaults:4)
  16 dream sheep
  4 hornets
  12 snapping turtles
  A fire giant simulacrum (Vaults:1)
  17 blink frogs
  10 hippogriffs
  2 shadows (D:15)
  2 redbacks
  A spriggan (shapeshifter) (D:13)
  A redback (shapeshifter) (Vaults:5)
  An ettin skeleton (Vaults:4)
  A yak (shapeshifter) (Vaults:4)
  31 water elementals
  2 wyverns (D:13)
  4 hogs (Snake:1)
  3 basilisks
  2 wraiths (Lair:5)
  A golden eye (shapeshifter) (Vaults:3)
  44 yaks
  11 vampire mosquitoes
  A steam dragon (D:7)
  Menkaure (D:6)
  10 wargs
  A swamp worm (shapeshifter) (Vaults:4)
  A soldier ant (shapeshifter) (Vaults:1)
  19 soldier ants (D:13)
  An acid dragon (Vaults:2)
  67 nagas
  14 water moccasins
  7 porcupines
  3 ice beasts
  43 orc warriors
  A swamp drake (Lair:3)
  6 sky beasts
  3 black bears
  3 phantoms
  A necrophage (D:6)
  6 boggarts (Vaults:3)
  48 ogres
  27 centaurs
  A wolf (shapeshifter) (Vaults:4)
  A human skeleton (Vaults:4)
  11 crocodiles
  2 big kobolds
  16 bullfrogs
  2 gnoll sergeants
  6 scorpions
  2 wyvern skeletons
  32 killer bees
  16 wights
  A nameless horror (Lair:6)
  4 electric eels
  A howler monkey (D:6)
  3 centaur zombies
  10 crimson imps
  A quasit (D:12)
  6 jellies
  17 orc priests
  3 bullfrog zombies
  12 hounds
  A gnoll shaman (D:7)
  A bullfrog skeleton (D:8)
  8 iguanas
  26 orc wizards
  28 worker ants
  2 hound zombies
  A hound skeleton (D:6)
  A worker ant zombie (D:7)
  Robin (D:2)
  20 adders
  18 gnolls
  A howler monkey skeleton (D:10)
  2 shadow imps
  2 oozes
  An adder zombie (D:9)
  2 worms
  7 leopard geckos
  105 orcs
  5 bats
  6 giant cockroaches
  2 gnoll zombies (D:7)
  11 hobgoblins
  14 jackals
  8 quokkas
  11 frilled lizards
  17 goblins
  18 kobolds
  A leopard gecko skeleton (D:5)
  2 quokka skeletons
  13 rats
  9 fungi
  77 plants
  4 tentacles
1803 creatures vanquished.

Vanquished Creatures (collateral kills)
  An ancient lich (Vaults:5)
  A frost giant (Vaults:5)
  A great orb of eyes (Vaults:1)
  2 naga warriors
  A merfolk aquamancer (Shoals:3)
  A centaur warrior (D:13)
  A death knight (Vaults:1)
  A naga sharpshooter (Snake:4)
  A flayed ghost (Vaults:1)
  A glowing orange brain (Vaults:4)
  An orc knight (Orc:1)
  2 manticores
  2 blink frogs (Lair:6)
  5 wraiths
  A yak (Lair:6)
  2 wargs (Orc:1)
  2 orc warriors
  An ogre (Vaults:1)
  A centaur (D:15)
  A wight (D:6)
  A quasit (D:6)
  2 orc priests (D:13)
  An orc wizard (Vaults:1)
  A nameless horror (Lair:6)
  3 orcs (D:13)
37 creatures vanquished.

Vanquished Creatures (others)
  A shadow wraith (Vaults:3)
  4 dream sheep (Lair:2)
  A block of ice (Vaults:5)
  5 fungi
  8 plants
  8 tentacles
27 creatures vanquished.

Grand Total: 1867 creatures vanquished

Notes
Turn   | Place    | Note
-------+----------+-------------------------------------------
     0 | D:1      | DerDa the Mummy Ice Elementalist began the quest for the
                  | Orb.
     0 | D:1      | Reached XP level 1. HP: 13/13 MP: 4/4
   330 | D:1      | Reached skill level 3 in Spellcasting
   414 | D:1      | Reached XP level 2. HP: 16/19 MP: 0/6
  1323 | D:2      | Reached XP level 3. HP: 17/24 MP: 1/8
  1624 | D:3      | Learned a level 3 spell: Frozen Ramparts
  1628 | D:3      | Learned a level 3 spell: Ozocubu's Armour
  1645 | D:2      | Reached skill level 4 in Spellcasting
  1783 | D:2      | Found a hazy altar of Hepliaklqana.
  1910 | D:2      | Found a shimmering blue altar of Sif Muna.
  1952 | D:2      | Became a worshipper of Sif Muna the Loreminder
  1974 | D:2      | Found a shattered altar of Ashenzari.
  1978 | D:2      | Reached XP level 4. HP: 24/30 MP: 7/10
  2040 | D:2      | Noticed Robin
  2275 | D:1      | Learned a level 4 spell: Hailstorm
  2540 | D:2      | Killed Robin
  2872 | D:2      | Reached * piety under Sif Muna
  2921 | D:2      | Found a sacrificial altar of Ru.
  2922 | D:2      | Found an opulent altar of Gozag.
  3059 | D:3      | Found a faded altar of an unknown god.
  3519 | D:3      | Reached skill level 5 in Spellcasting
  3519 | D:3      | Reached XP level 5. HP: 30/35 MP: 6/12
  3657 | D:3      | Noticed an ogre
  3659 | D:3      | Reached skill level 1 in Conjurations
  3683 | D:3      | Killed an ogre
  3792 | D:3      | Reached XP level 6. HP: 41/41 MP: 10/14
  3959 | D:3      | Learned a level 4 spell: Summon Ice Beast
  4381 | D:4      | Reached ** piety under Sif Muna
  4384 | D:4      | Reached skill level 6 in Spellcasting
  4558 | D:4      | Reached skill level 5 in Ice Magic
  4584 | D:4      | Reached skill level 1 in Summonings
  4589 | D:4      | Reached XP level 7. HP: 46/46 MP: 12/16
  5715 | D:5      | Entered Level 5 of the Dungeon
  5887 | D:5      | Reached skill level 7 in Spellcasting
  5932 | D:5      | Found Hoymi's Assorted Antiques.
  6026 | D:5      | Bought a brass wand for 80 gold pieces
  6026 | D:5      | Bought a scroll labeled XUL CAYVAPRA for 20 gold pieces
  6026 | D:5      | Bought a scroll labeled XOREWKIPHA for 20 gold pieces
  6026 | D:5      | Bought a crooked glass wand for 80 gold pieces
  6036 | D:5      | Found Xyusch's Armour Emporium.
  6224 | D:5      | Reached *** piety under Sif Muna
  6394 | D:5      | Reached XP level 8. HP: 51/52 MP: 16/19
  6783 | D:5      | Found Cuicat's Jewellery Emporium.
  6884 | D:5      | Found Powika Puxt's Weapon Emporium.
  6972 | D:5      | Found Ucielum's General Store.
  6975 | D:5      | Bought a scroll of identify for 20 gold pieces
  7194 | D:6      | Reached skill level 8 in Spellcasting
  7772 | D:6      | Reached **** piety under Sif Muna
  7972 | D:6      | Noticed Menkaure
  7978 | D:6      | Killed Menkaure
  7978 | D:6      | Reached skill level 9 in Spellcasting
  7978 | D:6      | Reached XP level 9. HP: 53/57 MP: 0/22
  9456 | D:7      | Found a staircase to the Ecumenical Temple.
  9645 | D:7      | Reached skill level 10 in Spellcasting
 10136 | D:7      | Found a basalt altar of Yredelemnul.
 10331 | D:8      | Noticed a two-headed ogre
 10355 | D:8      | Killed a two-headed ogre
 10355 | D:8      | Reached XP level 10. HP: 32/63 MP: 12/24
 11062 | D:8      | Reached skill level 11 in Spellcasting
 11586 | D:8      | Reached skill level 5 in Conjurations
 11882 | D:8      | Reached ***** piety under Sif Muna
 12166 | D:9      | Found Mewuirgh Tofu's Antique Armour Emporium.
 12171 | D:9      | Bought a glowing robe for 118 gold pieces
 12209 | D:9      | Found Zin's Purification Station.
 12213 | D:9      | Found a glowing silver altar of Zin.
 12609 | D:9      | Received a gift from Sif Muna
 12765 | D:9      | Identified the +9 falchion "Hydra's Funeral" {vorpal, rElec
                  | rC+ Dex-3}
 12968 | D:9      | Reached skill level 5 in Summonings
 13117 | D:9      | Found an ornate altar of the Wu Jian Council.
 13143 | D:9      | Found a sparkling altar of Nemelex Xobeh.
 13315 | D:9      | Reached skill level 1 in Fighting
 13322 | D:9      | Reached skill level 12 in Spellcasting
 13731 | D:9      | Noticed a moth of wrath
 13733 | D:9      | Found a bloodstained altar of Trog.
 13738 | D:9      | Killed a moth of wrath
 13738 | D:9      | Reached skill level 1 in Armour
 13738 | D:9      | Reached skill level 1 in Invocations
 13738 | D:9      | Reached XP level 11. HP: 70/70 MP: 14/27
 13879 | D:9      | Found a staircase to the Orcish Mines.
 13892 | D:9      | Got a pair of ichor-stained gloves
 13897 | D:9      | Identified the cursed +0 pair of gloves "Ugiptalu" {rElec
                  | rCorr Stlth-} (You found it on level 9 of the Dungeon)
 13929 | D:10     | Entered Level 10 of the Dungeon
 14037 | D:10     | Found a portal to a secret trove of treasure.
 14058 | D:10     | You paid a toll of 4 scrolls of fog to enter a treasure
                  | trove
 14059 | Trove    | Entered a treasure trove
 14094 | Trove    | Got a wavering lead ring
 14114 | Trove    | Got a twisted buckler
 14128 | Trove    | Got a pitted chain mail
 14153 | D:10     | Identified the cursed +1 chain mail "Alecygeinea" {rN+
                  | MR+++ Str+3 Int-5} (You found it in a treasure trove)
 14156 | D:10     | Identified the ring of Sophism {Ice Slay+3} (You found it
                  | in a treasure trove)
 14171 | D:10     | Identified the +4 buckler of the Hidden Vale {Str+2 Dex+2}
                  | (You found it in a treasure trove)
 14742 | D:10     | Reached skill level 1 in Shields
 14988 | D:11     | Received a gift from Sif Muna
 14998 | D:11     | Learned a level 6 spell: Freezing Cloud
 15174 | D:11     | Reached skill level 1 in Air Magic
 15614 | D:11     | Found a staircase to the Lair.
 16025 | Lair:1   | Entered Level 1 of the Lair of Beasts
 16494 | Lair:1   | Reached skill level 13 in Spellcasting
 17056 | Lair:2   | Got a smouldering morningstar
 17056 | Lair:2   | Identified the cursed +0 morningstar "Duruvul" {freeze,
                  | rElec rPois MR-} (You found it on level 2 of the Lair of
                  | Beasts)
 17208 | Lair:2   | Reached XP level 12. HP: 77/77 MP: 20/29
 17602 | Lair:2   | Found a shimmering altar of Xom.
 17740 | Lair:3   | Reached skill level 10 in Ice Magic
 17942 | Lair:3   | Noticed a catoblepas
 17953 | Lair:3   | Killed a catoblepas
 19287 | Lair:4   | Identified Sif Muna's Grimoire of Translocation (Sif Muna
                  | gifted it to you on level 4 of the Lair of Beasts)
 19287 | Lair:4   | Received a gift from Sif Muna
 19453 | Lair:4   | Found a staircase to the Shoals.
 19462 | Lair:4   | Found a staircase to the Snake Pit.
 20069 | Lair:5   | Reached skill level 14 in Spellcasting
 20219 | Lair:5   | Found a staircase to the Slime Pits.
 20219 | Lair:5   | Found a viscous altar of Jiyva.
 20296 | Lair:5   | Noticed a six-headed hydra
 20308 | Lair:5   | Killed a six-headed hydra
 21038 | Lair:5   | Noticed a death yak
 21038 | Lair:5   | Noticed a five-headed hydra
 21045 | Lair:5   | Killed a five-headed hydra
 21045 | Lair:5   | Gained mutation: You are in touch with the powers of death.
                  | [Mummy growth]
 21045 | Lair:5   | Reached XP level 13. HP: 76/85 MP: 12/31
 21441 | Lair:6   | Entered Level 6 of the Lair of Beasts
 21475 | Lair:6   | Noticed Josephine
 21596 | Lair:5   | Killed Josephine
 21666 | Lair:6   | Found a gate leading to a gauntlet.
 21698 | Lair:6   | Identified Sif Muna's Reference Book on Ice (Sif Muna
                  | gifted it to you on level 6 of the Lair of Beasts)
 21698 | Lair:6   | Received a gift from Sif Muna
 21705 | Gauntlet | Entered a Gauntlet
 21705 | Gauntlet | Found a transporter.
 21712 | Gauntlet | Found a transporter.
 21829 | Gauntlet | Found a transporter.
 21838 | Gauntlet | Found a transporter.
 21840 | Gauntlet | Found a transporter.
 21844 | Gauntlet | Noticed an entropy weaver
 21850 | Gauntlet | Found a transporter.
 21867 | Gauntlet | Found a runed translucent gate.
 21868 | Gauntlet | Found a transporter.
 21868 | Gauntlet | Found a runed translucent gate.
 21869 | Gauntlet | Found a runed translucent gate.
 21875 | Gauntlet | Found a transporter.
 21888 | Gauntlet | Found a transporter.
 21903 | Gauntlet | Found a transporter.
 21918 | Gauntlet | Found a transporter.
 21919 | Gauntlet | Found a transporter.
 21969 | Gauntlet | Noticed an entropy weaver
 21971 | Gauntlet | Found a transporter.
 21985 | Gauntlet | Found a transporter.
 22100 | Gauntlet | Reached skill level 5 in Invocations
 22223 | Gauntlet | Killed an entropy weaver
 22234 | Gauntlet | Got a pair of steaming boots
 22255 | Gauntlet | Identified the -1 pair of boots "Byceid Foda" {rF+ Str+3
                  | Dex+2 SInv} (You found it in a Gauntlet)
 22364 | Gauntlet | Noticed a minotaur
 22374 | Gauntlet | Killed a minotaur
 22998 | Lair:6   | Reached skill level 15 in Spellcasting
 23181 | Lair:6   | Noticed Yfylet's ghost (journeyman OpCj)
 23186 | Lair:6   | Found a transporter.
 23188 | Lair:6   | Found a transporter.
 24165 | Lair:6   | Reached XP level 14. HP: 84/95 MP: 18/33
 24181 | Lair:6   | Killed Yfylet's ghost
 24493 | Orc:1    | Entered Level 1 of the Orcish Mines
 24506 | Orc:1    | Reached skill level 5 in Air Magic
 24509 | Orc:1    | Received a gift from Sif Muna
 24532 | Orc:1    | Learned a level 6 spell: Ozocubu's Refrigeration
 24686 | Orc:1    | Found Riceuzya's Magic Scroll Boutique.
 25085 | Orc:1    | Noticed an orc warlord
 25104 | Orc:1    | Killed an orc warlord
 25417 | Orc:2    | Entered Level 2 of the Orcish Mines
 25614 | Orc:2    | Reached skill level 5 in Fighting
 25918 | Orc:2    | Paralysed by an ogre mage for 2 turns
 26066 | Orc:2    | Found Lisurch's Gadget Shoppe.
 26066 | Orc:2    | Found Uwaos's Antique Armour Boutique.
 26067 | Orc:2    | Found Aryr's General Store.
 26067 | Orc:2    | Found Zessurou's General Store.
 26073 | Orc:2    | Identified Sif Muna's Volume of Shifting Evil Rituals (Sif
                  | Muna gifted it to you on level 2 of the Orcish Mines)
 26073 | Orc:2    | Received a gift from Sif Muna
 26073 | Orc:2    | Reached skill level 16 in Spellcasting
 26600 | Orc:2    | Found a staircase to the Elven Halls.
 26717 | Orc:2    | Bought a glowing scarf for 192 gold pieces
 26717 | Orc:2    | Bought an embroidered robe for 88 gold pieces
 26719 | Orc:2    | Bought a scroll of blinking for 82 gold pieces
 27736 | D:12     | Reached XP level 15. HP: 101/105 MP: 28/35
 27879 | D:12     | Identified Sif Muna's Disquisition on Flying Transmutation
                  | (Sif Muna gifted it to you on level 12 of the Dungeon)
 27879 | D:12     | Received a gift from Sif Muna
 27880 | D:12     | Reached skill level 5 in Dodging
 29246 | D:13     | Found a bloodstained altar of Trog.
 29266 | D:13     | Noticed Nessos
 29270 | D:13     | Killed Nessos
 29285 | D:13     | Learned a level 6 spell: Simulacrum
 29543 | D:13     | Reached skill level 1 in Necromancy
 29543 | D:13     | Identified Sif Muna's Almanac of Supportive Confrontation
                  | (Sif Muna gifted it to you on level 13 of the Dungeon)
 29543 | D:13     | Received a gift from Sif Muna
 29760 | D:13     | Found a runed translucent gate.
 29760 | D:13     | Found a runed translucent gate.
 29761 | D:13     | Found a runed translucent gate.
 29765 | D:13     | Noticed Liimbo's ghost (journeyman FoWn)
 29767 | D:13     | Found a roughly hewn altar of Beogh.
 29767 | D:13     | Identified the +5 great mace of Wyrd {drain, MR+}
 29767 | D:13     | Identified the +8 chain mail of the Carpenter {rPois rF+
                  | Str+3}
 29977 | D:13     | Killed Liimbo's ghost
 29998 | D:13     | Got a shimmering helmet
 30058 | D:13     | Identified the +0 helmet of Boiling Hail {rElec Int+2} (You
                  | found it on level 13 of the Dungeon)
 30167 | D:14     | Found a burning altar of Makhleb.
 30528 | D:14     | HP: 4/107 [seven-headed hydra (9)]
 30712 | D:14     | Reached skill level 17 in Spellcasting
 30840 | D:14     | Identified Sif Muna's Tome of Creative Confrontation (Sif
                  | Muna gifted it to you on level 14 of the Dungeon)
 30840 | D:14     | Received a gift from Sif Muna
 30976 | D:14     | Found a gate to the Vaults.
 31163 | D:15     | Entered Level 15 of the Dungeon
 31889 | D:15     | Reached XP level 16. HP: 90/115 MP: 19/37
 32119 | D:15     | Identified Sif Muna's Tome of Dislocated Ignition (Sif Muna
                  | gifted it to you on level 15 of the Dungeon)
 32119 | D:15     | Received a gift from Sif Muna
 32637 | D:15     | Found a staircase to the Depths.
 33120 | Snake:1  | Entered Level 1 of the Snake Pit
 33120 | Snake:1  | Noticed Kirke
 33122 | Snake:1  | Noticed Aizul
 33125 | Snake:1  | Killed Kirke
 33474 | Snake:1  | Killed Aizul
 33728 | Snake:1  | Got a slimy platinum ring
 33971 | Snake:1  | Identified Ifeatuim's Volume of Ice and Envenoming (Sif
                  | Muna gifted it to you on level 1 of the Snake Pit)
 33971 | Snake:1  | Received a gift from Sif Muna
 34346 | Snake:2  | Identified 2 scrolls of acquirement
 34347 | Snake:2  | Acquired 780 gold pieces
 34348 | Snake:2  | Acquired 1010 gold pieces
 34516 | Snake:2  | Identified the ring of Immorality {rPois rF+} (You found it
                  | on level 1 of the Snake Pit)
 34907 | Snake:2  | You fall into a shaft and drop 1 floor!
 34907 | Snake:3  | Found Jaruimih's Magic Scroll Emporium.
 34933 | Snake:3  | Bought a scroll of magic mapping for 59 gold pieces
 34933 | Snake:3  | Bought a scroll of teleportation for 51 gold pieces
 34933 | Snake:3  | Bought a scroll of summoning for 161 gold pieces
 36377 | Snake:3  | Noticed Jorgrun
 36386 | Snake:3  | Killed Jorgrun
 36386 | Snake:3  | Reached skill level 18 in Spellcasting
 36739 | Snake:3  | Reached XP level 17. HP: 113/124 MP: 26/39
 36863 | Snake:3  | Reached skill level 5 in Necromancy
 36866 | Snake:3  | Identified Sif Muna's Guide on Damage Dealing (Sif Muna
                  | gifted it to you on level 3 of the Snake Pit)
 36866 | Snake:3  | Received a gift from Sif Muna
 36885 | Snake:3  | Learned a level 5 spell: Irradiate
 37819 | Snake:4  | Entered Level 4 of the Snake Pit
 37871 | Snake:4  | Found Ysyeb's Armour Emporium.
 38619 | Snake:4  | Received a gift from Sif Muna
 39925 | Snake:4  | Got a serpentine rune of Zot
 40093 | Shoals:1 | Entered Level 1 of the Shoals
 40250 | Shoals:1 | Noticed Frances
 40256 | Shoals:1 | Killed Frances
 40618 | Shoals:1 | Reached skill level 10 in Conjurations
 41276 | Shoals:1 | Received a gift from Sif Muna
 41624 | Shoals:1 | Reached skill level 10 in Fighting
 42096 | Shoals:2 | Reached XP level 18. HP: 121/134 MP: 27/40
 43298 | Shoals:3 | Received a gift from Sif Muna
 43547 | Shoals:3 | Reached skill level 19 in Spellcasting
 44516 | Shoals:4 | Entered Level 4 of the Shoals
 44516 | Shoals:4 | Noticed Ilsuiw
 44521 | Shoals:4 | Killed Ilsuiw
 45203 | Shoals:4 | Reached ****** piety under Sif Muna
 45304 | Shoals:4 | Received a gift from Sif Muna
 45318 | Shoals:4 | Got a barnacled rune of Zot
 46405 | Vaults:1 | Entered Level 1 of the Vaults
 46989 | Vaults:1 | Reached XP level 19. HP: 128/144 MP: 36/42
 47032 | Vaults:1 | Received a gift from Sif Muna
 48126 | Vaults:1 | Reached skill level 10 in Invocations
 48364 | Vaults:1 | Learned a level 4 spell: Dispel Undead
 48370 | Vaults:1 | Learned a level 5 spell: Borgnjor's Vile Clutch
 48642 | Vaults:2 | Reached skill level 10 in Dodging
 48642 | Vaults:2 | Reached skill level 15 in Ice Magic
 49149 | Vaults:2 | Noticed a bone dragon
 49166 | Vaults:2 | Killed a bone dragon
 49287 | Vaults:2 | Found a staircase to the Crypt.
 49371 | Vaults:2 | Received a gift from Sif Muna
 50104 | Vaults:2 | Reached skill level 20 in Spellcasting
 51118 | Vaults:3 | Received a gift from Sif Muna
 51206 | Vaults:3 | Reached XP level 20. HP: 141/153 MP: 26/44
 52718 | Vaults:3 | Identified Sif Muna's Grimoire of the Escort (Sif Muna
                  | gifted it to you on level 3 of the Vaults)
 52718 | Vaults:3 | Received a gift from Sif Muna
 53393 | Vaults:3 | Learned a level 9 spell: Absolute Zero
 54476 | Vaults:4 | Received a gift from Sif Muna
 55030 | Vaults:4 | Reached XP level 21. HP: 147/162 MP: 34/45
 55539 | Vaults:4 | Identified Zesysiry's Collected Works on Ice and Necromancy
                  | (Sif Muna gifted it to you on level 4 of the Vaults)
 55539 | Vaults:4 | Received a gift from Sif Muna
 55541 | Vaults:4 | Reached skill level 21 in Spellcasting
 56100 | Vaults:5 | Entered Level 5 of the Vaults
 56400 | Vaults:5 | Noticed an ancient lich
 56411 | Vaults:5 | Killed an ancient lich
 56639 | Vaults:5 | Identified Lovistreu's Disquisition on Ghastly Air (Sif
                  | Muna gifted it to you on level 5 of the Vaults)
 56639 | Vaults:5 | Received a gift from Sif Muna
 56775 | Vaults:5 | Noticed an ancient lich
 56782 | Vaults:5 | Killed an ancient lich
 56904 | Vaults:5 | Got a silver rune of Zot
 57320 | Vaults:5 | Reached skill level 10 in Necromancy
 57320 | Vaults:5 | Noticed Sojobo
 57591 | Vaults:5 | Reached XP level 22. HP: 119/172 MP: 8/47
 57789 | Vaults:5 | Noticed a golden dragon
 57830 | Vaults:5 | Killed a golden dragon
 57841 | Vaults:5 | Learned a level 7 spell: Orb of Destruction
 58232 | Vaults:5 | Killed Sojobo
 58377 | Vaults:5 | Noticed Bai Suzhen
 58387 | Vaults:5 | Killed Bai Suzhen
 58413 | Vaults:5 | Killed from afar by a titan

Illustrated notes

Levels and vault maps discovered:
D:1:      lemuel_arrival_river_bridge, layout_basic, minmay_indecisive_spiral
D:2:      layout_rooms, marbit_many_paths, gammafunk_temple_overflow_statue,
          lemuel_doored_altar, ashenzari_altar_1, first_ration,
          interstate_on_off, bh_walls_and_bars, uniq_robin
D:3:      layout_loops_cross, chequers_ecumenical_altar_simple_redux
D:4:      layout_layer_cave, minmay_starry_boxes
D:5:      layout_basic, serial_shops, nicolae_shop_behind_doors,
          nicolae_shop_statue_plus, kennysheep_little_box, nicolae_shop_crystal,
          shop, hex_intersection, serial_bayou_pond_e
D:6:      kennysheep_spiral_hall, layout_rooms, serial_park_tiny_2,
          uniq_menkaure
D:7:      layout_loops_ring, lemuel_zombie_altar_yredelemnul,
          minmay_temple_entry_glass
D:8:      layout_cave_pods
D:9:      layout_basic, nemelex_xobeh_ov_fountains_minmay, zin_purify,
          nicolae_overflow_crystal_walls, tgw_trog, orc_0_dummy, serial_shops,
          shop
D:10:     layout_roguey, enter_trove_2
D:11:     layout_irregular_city, grunt_lair_entry_orc_guard_hut,
          grunt_tengu_nest
D:12:     layout_gridville
D:13:     layout_rooms, basic_altar, biasface_ghost_orc_armoury,
          chequers_serial_rivers_small_a, zaba_anthell, uniq_nessos
D:14:     lemuel_troll_bridge, layout_rooms, david_vaults_5,
          minmay_misc_feat_iff, basic_altar
D:15:     hangedman_depths_entry_try_elsewhere_first, layout_stronghold,
          hangedman_decor_opposing
Lair:1:   layout_hall_layers
Lair:2:   layout_chaotic_city, serial_bayou_pond_a, fungi_pond_lemuel,
          kb_xom_exploding_sheep
Lair:3:   layout_hall_layers, hibernation_bobbens, infiniplex_staircase_pool_2,
          lemuel_fruit_tree
Lair:4:   layout_regular_city, elwin_shoals_entry_rocks,
          minmay_snake_entry_guardpost_large
Lair:5:   layout_cave_pods, slime_altar_1, minmay_shattered_shrine,
          grunt_megastairs_1
Lair:6:   evilmike_catoblepas_cave, layout_hall_layers, gauntlet_entry_generic,
          gammafunk_ghost_hive, chequers_serial_rivers_micro_b, uniq_josephine
Shoals:1: layout_shoals, yaktaur_hedge, uniq_frances
Shoals:2: layout_shoals
Shoals:3: layout_shoals, nicolae_shoals_water_elemental_grotto
Shoals:4: shoals_end_hangedman, layout_shoals, shoals_ilsuiw_ice
Snake:1:  nicolae_snake_nest, layout_onion_interference, uniq_kirke, uniq_aizul
Snake:2:  layout_layer_cave
Snake:3:  layout_grid_maze, serial_shops, shop_statue, serial_bayou_shore_a,
          uniq_jorgrun
Snake:4:  minmay_snake_end_coiled, layout_cave_town, serial_shops,
          nicolae_shop_competitors_out_of_business
Orc:1:    layout_caves, serial_shops, nicolae_shop_window_shopping,
          mines2_lemuel
Orc:2:    st_orc_ogre_mass, layout_diamond_mine
Vaults:1: nicolae_vaults_murderbox, hangedman_vaults_slice,
          hangedman_vaults_river_flow, grunt_vaults_focal,
          ontoclasm_vaults_gateway, vaults_dpeg_encased_lava,
          ontoclasm_vaults_loading_screen, vaults_dpeg_spiral, v_pattern_4,
          vaults_room_pools, nicolae_vaults_little_squares_1, v_misc_10,
          vaults_room_stairs_pillars, v_misc_25, nicolae_vaults_border_crossing,
          layout_vaults_omnicross
Vaults:2: nicolae_vaults_inception_scallops, v_alt_pattern_1,
          vaults_mumra_hexcomb, minmay_crypt_entry_nasty_monster,
          hangedman_vaults_nails, st_lattice, ontoclasm_vaults_decontamination,
          nicolae_vaults_little_squares_4, layout_vaults_omnigrid
Vaults:3: v_rooms_3, st_smaller_cells, v_misc_33,
          vaults_mumra_minichess_inversion, ontoclasm_vaults_idyll, v_misc_3,
          vaults_dpeg_diagonal, vaults_room_stairs_pillars,
          vaults_room_large_hall, ontoclasm_vaults_twist, v_misc_27,
          ontoclasm_vaults_hangar, v_misc_16, layout_vaults_maze_bifur
Vaults:4: nicolae_vaults_stairing_the_circle, vaults_mumra_chevron_long,
          hangedman_vaults_restitches, ontoclasm_vaults_misaligned,
          nicolae_vaults_network_quinsquares
          [nicolae_vaults_network_quincunx_subvault,
          nicolae_vaults_network_quincunx_subvault,
          nicolae_vaults_network_quincunx_subvault,
          nicolae_vaults_network_quincunx_subvault], hangedman_vaults_capsules,
          v_misc_29, vaults_mumra_hex, nicolae_vaults_little_squares_4,
          vaults_dpeg_ring, nicolae_vaults_quartermaster, v_misc_8, v_misc_14,
          nicolae_vaults_rhombus_5, layout_vaults_ring
Vaults:5: serial_shops, uniq_boris, uniq_bai_suzhen, uniq_sojobo

Skill      XL: |  1  2  3  4  5  6  7  8  9 10 11 12 13 14 15 16 17 18 19 20 21 |
---------------+----------------------------------------------------------------+-----
Spellcasting   | 3 4 5 6 7 9 10 12 13 14 15 16 17 18 19 20 21 | 21.8
Ice Magic      | 4 5 6 8 9 10 11 12 13 14 15 16 | 16.6
Conjurations   | 1 2 3 4 5 6 7 8 9 10 11 | 11.9
Summonings     | 1 3 4 5 |  5.0
Fighting       | 1 2 4 5 7 8 10 11 12 13 14 | 14.5
Armour         | 1 |  1.0
Invocations    | 1 3 4 5 6 7 8 9 10 11 | 11.7
Shields        | 3 4 |  4.0
Air Magic      | 2 3 4 5 6 |  6.0
Dodging        | 2 3 4 5 7 8 9 10 11 12 | 12.5
Necromancy     | 3 4 6 7 8 9 10 | 10.3
Stealth        | |  1.5

Action                   |  1- 3 |  4- 6 |  7- 9 | 10-12 | 13-15 | 16-18 | 19-21 | 22-24 || total
-------------------------+-------+-------+-------+-------+-------+-------+-------+-------++-------
Melee: Short sword       |    17 |     4 |       |       |       |       |       |       ||    21
       Club              |     1 |       |       |       |       |       |       |       ||     1
       War axe           |       |     1 |       |     6 |       |       |       |       ||     7
       Whip              |       |       |    62 |     7 |       |       |       |       ||    69
       Hand axe          |       |       |    93 |     8 |       |       |       |       ||   101
       Falchion          |       |       |       |   226 |   403 |   247 |   192 |    26 ||  1094
       Long sword        |       |       |       |    20 |       |       |       |       ||    20
Throw: Dart              |       |     9 |     2 |    13 |       |       |       |       ||    24
 Cast: Freeze            |    54 |   102 |    84 |   120 |    21 |    47 |     6 |       ||   434
       Frozen Ramparts   |     1 |     7 |    31 |    49 |    41 |     5 |     1 |     1 ||   136
       Ozocubu's Armour  |       |       |     5 |     4 |     1 |       |       |       ||    10
       Hailstorm         |       |       |    16 |   101 |   124 |    85 |    72 |     5 ||   403
       Summon Ice Beast  |       |       |     6 |     3 |    50 |    19 |     8 |     2 ||    88
       Ozocubu's Refrige |       |       |       |       |    76 |   287 |   243 |    24 ||   630
       Freezing Cloud    |       |       |       |       |     2 |    12 |     1 |     1 ||    16
       Simulacrum        |       |       |       |       |       |     9 |    17 |     2 ||    28
       Borgnjor's Vile C |       |       |       |       |       |       |    80 |    27 ||   107
       Dispel Undead     |       |       |       |       |       |       |    22 |     3 ||    25
       Irradiate         |       |       |       |       |       |       |     4 |     6 ||    10
       Orb of Destructio |       |       |       |       |       |       |       |     9 ||     9
       Absolute Zero     |       |       |       |       |       |       |       |     1 ||     1
Invok: Channel Magic     |       |       |       |       |     7 |     7 |    14 |     7 ||    35
       Divine Exegesis   |       |       |       |       |       |       |       |     1 ||     1
  Use: Scroll            |       |     1 |     9 |     6 |     6 |     7 |     3 |       ||    32
 Stab: Sleeping          |       |       |     4 |       |       |       |       |       ||     4
       Distracted        |       |       |       |       |     1 |     2 |     1 |       ||     4
Armor: Robe              |     4 |    28 |    71 |    27 |       |       |       |       ||   130
       Troll leather arm |       |       |       |    98 |   110 |    41 |    27 |     9 ||   285
Dodge: Dodged            |    43 |    69 |   170 |   227 |   363 |   273 |   225 |    25 ||  1395
       Repelled          |       |       |       |       |    10 |    58 |    40 |     5 ||   113
Block: Buckler           |       |       |       |   144 |   314 |   219 |   128 |    24 ||   829
       Rpst.: Long sword |       |       |       |     5 |       |       |       |       ||     5
       Falchion          |       |       |       |    56 |   104 |    58 |    43 |     4 ||   265
